rsa, neutral male human Tourist ------ ----- |....| |...| |.@`.----+..| |.`h...)%...| |..--->---..| |---------.--- |...%^<|.....| |(.----|.....| --.| |.....| |.-----.....| |........%..| |..---------- ---- rsa the Sightseer Experience level: 4 Strength: 9 Dexterity: 11 Constitution: 14 Intelligence: 17 Wisdom: 7 Charisma: 18 Health: 0(32) Energy: 6(6) Def: 6 Gold: 966 Moves: 1568 Dungeon seed: qmOF8FlHk3huDFh3 Game ID: rsa_1592767657 Your Inventory: Coins $ - 966 gold pieces Weapons x - an uncursed +0 elven dagger (weapon in hand) Armor e - an uncursed +0 Hawaiian shirt (being worn) q - a blessed +1 orcish helm (being worn) r - an uncursed +0 studded leather armor (being worn) y - an uncursed +0 pair of jumping boots (being worn) Comestibles b - 6 uncursed food rations f - 2 uncursed eggs Scrolls i - 3 uncursed scrolls of magic mapping E - 2 uncursed scrolls of earth Rings u - an uncursed ring of polymorph control D - an uncursed ring of warning Wands p - an uncursed wand of lightning (0:3) w - an uncursed wand of light (0:12) G - an uncursed wand of slow monster (0:8) Tools j - an uncursed credit card k - an uncursed expensive camera (0:75) l - an uncursed leash m - an uncursed magic marker (0:0) n - an uncursed tin opener o - an uncursed towel t - an uncursed lock pick Spells and supernatural/magical abilities: Name Level Category Cost Memory l - light 1 divination 6pw 99% z - sleep 1 enchantment 6pw 99% K - cure sickness 3 healing 3000pw 99% W - pray for help -- divine ? -- Y - supernatural jump -- ability ? -- Your skills at the end: Fighting Skills wands [Basic] Weapon Skills dart [Basic] Spellcasting Skills Final Attributes: You had sinned. You were telepathic. You could jump. You were unlucky. The Lady was noncommittal. You are dead. Vanquished creatures: The Oracle a rock piercer a giant ant a floating eye a kitten a giant bat an orc zombie a dwarf zombie a wererat a werejackal an acid blob a hobbit a giant rat a red mold 5 jackals 2 goblins 2 sewer rats 2 grid bugs a lichen 26 creatures vanquished. Voluntary challenges: You were an atheist. You used a wielded weapon 6 times, starting on turn 1547. You read items or engraved 9 times, starting on turn 406. You never genocided any monsters. You never polymorphed an object. You never changed form. You used no wishes. You never split a pudding. You never wrote Elbereth's name. You violated your moral code, losing 28 points of alignment, starting on turn 709. Dungeon overview: The Dungeons of Doom: levels 1 to 6 Level 1 a fountain a long staircase Level 2 a fountain Level 3 Level 4 a fountain Level 5 many fountains Level 6 stairs to Sokoban Sokoban: Level 5 <- You were here Unsolved stairs to The Dungeons of Doom History has recorded: On T:1 you entered the Dungeons of Doom to retrieve the Amulet of Yendor! On T:38 you reached level 2 of The Dungeons of Doom. On T:229 you reached level 3 of The Dungeons of Doom. On T:436 you reached level 4 of The Dungeons of Doom. On T:601 you reached level 5 of The Dungeons of Doom. On T:642 you reached level 6 of The Dungeons of Doom. On T:708 you received advice from The Oracle On T:708 you advanced to experience level 2. On T:724 you killed Oracle on level 5 of The Dungeons of Doom. On T:724 you advanced to experience level 3. On T:845 you advanced to experience level 4. On T:1039 you reached level 4 of Sokoban. Score breakdown: Gold: 678 ( 9633 points) Experience: 4 levels ( 9649 points) Exploration: 6 levels ( 12.24%) ( 9682 points) Discoveries: 6 items ( 1.98%) ( 4221 points) Valuables value: (no points given unless you survive) Artifact value: 0 ( 0 points) Variety of kills: 19 monsters ( 5.00%) ( 6708 points) Turncount: 1568 turns ( 0 points) Survival: died (score multiplied by 80%) Total score: 31914 Latest messages: You miss the baby crocodile. (2x) The baby crocodile misses. You miss the baby crocodile. You hit the baby crocodile. The baby crocodile bites! You miss the baby crocodile. You hit the baby crocodile. The baby crocodile turns to flee! You cannot pass that way. (3x) You hear a monster behind the boulder. Perhaps that's why you cannot move it. The dwarf wields a broad short sword! You miss the dwarf. (2x) The dwarf thrusts her broad short sword at you. The dwarf hits! You miss the dwarf. (2x) The dwarf thrusts her broad short sword at you. The dwarf hits! You miss the dwarf. (2x) The dwarf thrusts her broad short sword at you. The dwarf hits! You die... Final status: Aloha rsa the Tourist, killed by a dwarf... You died in Sokoban on dungeon level 5 with 31914 points, and 966 pieces of gold, after 1568 moves. You were level 4 with a maximum of 32 hit points when you died.